 Dungeon Crawl Stone Soup version 0.23.0-28-g6fe0f4d (webtiles) character file.

Game seed: 14817295219272317573

89 Gadfly the Cutter (level 4, -3/30 HPs)
             Began as a Halfling Berserker on Feb 25, 2019.
             Was a Believer of Trog.
             Slain by Sigmund
             ... wielding a +3 scythe
              (5 damage)
             ... on level 3 of the Dungeon.
             The game lasted 00:03:33 (1784 turns).

Gadfly the Cutter (Halfling Berserker)              Turns: 1784, Time: 00:03:34

Health: -3/30      AC:  6    Str: 18    XL:     4   Next: 84%
Magic:  4/4        EV: 14    Int:  5    God:    Trog [**....]
Gold:   123        SH:  0    Dex: 14    Spells: 3/3 levels left

rFire    . . .     SeeInvis .   a - +0 short sword
rCold    . . .     Gourm    .   (shield restricted)
rNeg     . . .     Faith    .   g - +0 ring mail
rPois    .         Spirit   .   (no helmet)
rElec    .         Reflect  .   j - +0 cloak
rCorr    .         Harm     .   (no gloves)
MR       .....                  (no boots)
Stlth    +.........             (no amulet)
HPRegen  0.10/turn              (no ring)
MPRegen  0.09/turn              (no ring)

@: berserk cooldown, slowed, very slow
A: small, mutation resistance 1
a: Berserk, Trog's Hand, Renounce Religion


You were on level 3 of the Dungeon.
You worshipped Trog.
Trog was pleased with you.
You were hungry.

You visited 1 branch of the dungeon, and saw 3 of its levels.

You collected 123 gold pieces.

Inventory:

Hand Weapons
 a - a +0 short sword (weapon)
Missiles
 b - 25 stones (quivered)
Armour
 g - a +0 ring mail (worn)
 j - a +0 cloak (worn)
Jewellery
 k - an uncursed ring of fire
Wands
 m - a wand of paralysis (10)
Scrolls
 d - a scroll of noise {unknown}
 e - a scroll of teleportation {unknown}
 f - a scroll of immolation {unknown}
 h - a scroll of remove curse {unknown}
 i - 2 scrolls of identify {unknown}
 n - a scroll of magic mapping {unknown}
Comestibles
 c - 4 rations
 l - 3 chunks of flesh


   Skills:
 - Level 2.6 Fighting
 + Level 6.3 Short Blades
 - Level 2.1 Armour
 - Level 2.1 Dodging


You had 3 spell levels left.
You didn't know any spells.
Your spell library was empty.

Dungeon Overview and Level Annotations

Branches:
Dungeon (3/15)

Altars:
Wu Jian

Annotations:
D:3 Sigmund


Innate Abilities, Weirdness & Mutations

You are small and have problems with some larger weapons.
You are somewhat resistant to further mutation.


Message History

You miss something.
You hear some strange, mumbled words.
You are confused.
Something hits you!
You feel a strong urge to attack something.
You are no longer berserk.
You are exhausted.
You feel yourself slow down. Something barely misses you.
Something barely misses you. Something hits you!
* * * LOW HITPOINT WARNING * * *
You closely miss something.
You feel less confused. Something barely misses you.
You completely miss something. You miss something. Something hits you!
* * * LOW HITPOINT WARNING * * *
You barely miss something. Something hits you.
You die...

##...#.#
#.#.#......#
#.......#.#
.#.###.##.#
#.###.##.#
#........#
#####'####
##...##
##..@..##
#...{...#
#...$.....#
+.........+
#.........#
##.......##
##.....##
##...##
##+##


There were no monsters in sight!

Vanquished Creatures
  Ijyb (D:3)
  2 adders
  2 worms
  2 dart slugs (D:1)
  A leopard gecko (D:1)
  A ball python (D:1)
  A giant cockroach (D:1)
  6 goblins
  4 hobgoblins (D:1)
  2 kobolds (D:1)
  A quokka (D:2)
  3 bats
  5 frilled lizards
  7 rats
38 creatures vanquished.

Notes
Turn   | Place    | Note
-------+----------+-------------------------------------------
     0 | D:1      | Gadfly the Halfling Berserker began the quest for the Orb.
     0 | D:1      | Reached XP level 1. HP: 15/15 MP: 1/1
   151 | D:1      | Reached skill level 4 in Short Blades
   168 | D:1      | Reached XP level 2. HP: 4/20 MP: 2/2
   687 | D:1      | Reached XP level 3. HP: 25/25 MP: 3/3
   806 | D:1      | Reached skill level 5 in Short Blades
  1271 | D:2      | Reached ** piety under Trog
  1471 | D:2      | Reached XP level 4. HP: 27/30 MP: 4/4
  1645 | D:3      | Noticed Ijyb
  1652 | D:3      | Paralysed by Ijyb for 5 turns
  1663 | D:3      | Killed Ijyb
  1663 | D:3      | Reached skill level 6 in Short Blades
  1712 | D:3      | Found an ornate altar of the Wu Jian Council.
  1763 | D:3      | Noticed Sigmund
  1784 | D:3      | Slain by Sigmund

Skill      XL: |  1  2  3  4 |
---------------+-------------+-----
Short Blades   | 4 5 6 |  6.3
Fighting       | |  2.6
Armour         | |  2.1
Dodging        | |  2.1

Action                   |  1- 3 |  4- 6 || total
-------------------------+-------+-------++-------
Melee: Short sword       |   125 |    41 ||   166
Invok: Berserk           |       |     2 ||     2
  Eat: Chunk             |     2 |     2 ||     4
Armor: Animal skin       |     5 |       ||     5
       Ring mail         |    22 |     7 ||    29
Dodge: Dodged            |    87 |    16 ||   103
